 Dungeon Crawl Stone Soup version 0.32-a0-999-gfa1cc04b1d (webtiles) character file.

Game seed: 11729593910899564396

98 GiantSquids the Ruffian (level 4, -1/46 HPs)
             Began as an Octopode Berserker on Apr 25, 2024.
             Was a Believer of Trog.
             Slain by a ribbon worm (9 damage)
             ... on level 3 of the Dungeon.
             The game lasted 00:04:42 (2042 turns).

GiantSquids the Ruffian (Octopode Berserker)        Turns: 2042, Time: 00:04:42

Health: -1/46      AC:  1    Str: 18    XL:     4   Next: 69%
Magic:  4/4        EV: 12    Int:  9    God:    Trog [**....]
Gold:   65         SH:  0    Dex: 11    Spells: 3/3 levels left

rFire   . . .        l - +1 war axe "Xatael" {freeze, Will++}
rCold   . . .        (no shield)
rNeg    . . .        (helmet restricted)
rPois   .            (no amulet)
rElec   .            (no ring)
rCorr   .            (no ring)
SInv    .            (no ring)
Will    ++...        (no ring) Stlth
                     (no ring)
HPRegen 0.27/turn    (no ring)
MPRegen 0.09/turn    (no ring)
                     (no ring)

%: no passive effects
@: berserking (expiring), very quick
A: almost no armour, amphibious, 8 rings, camouflage 1, gelatinous body 1,
(nimble swimmer 1), tentacles
a: Renounce Religion, Berserk, Trog's Hand


You were on level 3 of the Dungeon.
You worshipped Trog.
Trog was pleased with you.
You visited 1 branch of the dungeon, and saw 4 of its levels.

You collected 137 gold pieces.
You spent 72 gold pieces at shops.

Inventory:

Hand Weapons
 l - the +1 war axe "Xatael" (weapon) {freeze, Will++}
   (You found it on level 3 of the Dungeon)

   Will++:    It greatly increases your willpower.
Missiles
 c - 5 darts of dispersal
 k - 6 stones (quivered)
Wands
 q - a wand of flame (18)
Scrolls
 b - a scroll of butterflies
 f - 3 scrolls of blinking
 g - 2 scrolls of amnesia {unknown}
 h - a scroll of teleportation
 j - a scroll of fear
 m - a scroll of brand weapon {unknown}
 p - a scroll of enchant weapon {unknown}
 r - a scroll of immolation {unknown}
 s - a scroll of fog {unknown}
Potions
 a - a potion of curing {unknown}
 d - 2 potions of might {unknown}
 e - 3 potions of heal wounds {unknown}
 i - a potion of attraction {unknown}
 n - a potion of enlightenment {unknown}
 o - a potion of haste {unknown}


   Skills:
 - Level 3.0 Fighting
 - Level 3.0 Dodging
 * Level 5.3 Unarmed Combat


You had 3 spell levels left.
You didn't know any spells.
Your spell library was empty.

Dungeon Overview and Level Annotations

Branches:
Dungeon (4/15)
 Temple: D:4-7

Altars:
Gozag
Qazlal
Trog
Vehumet
Zin

Shops:
D:2 (   D:3 *


Innate Abilities, Weirdness & Mutations

You cannot wear most types of armour.
You are amphibious.
You can wear up to eight rings at the same time.
Your skin changes colour to match your surroundings (Stealth+).
Your rubbery body absorbs attacks. (AC +1, EV +1)
((You are camouflaged when in or above water. (Stealth+)))
You have tentacles for arms and can constrict up to eight enemies at once.


Message History

The moth of wrath goads the ribbon worm on!
The ribbon worm goes berserk!
The ribbon worm expels a string of sticky webbing.
The stream of webbing hits you but does no damage.
You are caught in a web!
The ribbon worm bites you.
You struggle to detach yourself from the web.
The moth of wrath goads the ribbon worm on!
The ribbon worm goes berserk!
The ribbon worm bites you.
Unknown command.
A red film seems to cover your vision as you go berserk!
You feel yourself moving faster!
You feel mighty! The ribbon worm bites you! The ribbon worm bites you.
The web tears apart.
You feel a strong urge to attack something.
The ribbon worm expels a string of sticky webbing.
The stream of webbing hits you but does no damage.
You are caught in a web!
The ribbon worm bites you.
* * * LOW HITPOINT WARNING * * *
The ribbon worm barely misses you.
You struggle to detach yourself from the web.
The ribbon worm bites you.
* * * LOW HITPOINT WARNING * * *
The ribbon worm barely misses you.
The web tears apart.
You feel your anger nearly subside. The ribbon worm misses you.
You barely miss the ribbon worm. You grab the ribbon worm.
You hit the ribbon worm. You freeze the ribbon worm. You slash the ribbon worm!
You freeze the ribbon worm. You constrict the ribbon worm.
The ribbon worm closely misses you. x2
The moth of wrath goads the ribbon worm on!
The ribbon worm goes berserk!
The ribbon worm expels a string of sticky webbing.
The stream of webbing hits you but does no damage.
You are caught in a web!
The ribbon worm bites you.
* * * LOW HITPOINT WARNING * * *
The web tears apart.
You constrict the ribbon worm. The ribbon worm bites you.
* * * LOW HITPOINT WARNING * * *
The ribbon worm bites you!
You die...

#.# #.# #### ####### #.# ...#
#.....#########.# ##.#
#.###...........# .#.#
####.#########.###.# .#.#
##.......## #.# #.# .#.#
#.........## #.# #.### .#.#
#......w@w..# #.# #...# .#.###
#....###ww..# #.# #...# .....#
#...##y##...# #.# #...#
##.#.####....###....# #.###'###
...#....##.........## #.#.....#
...#######.).._....#####.#.....##
...†.....##).....)##...........'.
...###....###..)###....#.#.....##
...# #...## ###.....#.#..<....


You could see a moth of wrath and 4 ribbon worms.

Vanquished Creatures
  Robin (D:2)
  3 adders
  A dart slug (D:3)
  A ribbon worm (D:2)
  8 endoplasms
  2 giant cockroaches (D:1)
  11 goblins (D:2)
  4 hobgoblins
  6 kobolds
  A quokka (D:1)
  3 ball pythons
  4 bats
  A frilled lizard (D:3)
  6 rats
52 creatures vanquished.

Notes
Turn   | Place    | Note
-------+----------+-------------------------------------------
     0 | D:1      | GiantSquids the Octopode Berserker began the quest for the
                  | Orb.
     0 | D:1      | Reached XP level 1. HP: 16/16 MP: 1/1
   167 | D:1      | Reached XP level 2. HP: 21/21 MP: 2/2
   226 | D:1      | Found a faded altar of an unknown god.
   542 | D:2      | Noticed Robin
   556 | D:2      | Reached skill level 4 in Unarmed Combat
   559 | D:2      | Reached XP level 3. HP: 22/26 MP: 3/3
   566 | D:2      | Reached ** piety under Trog
   571 | D:2      | Killed Robin
   686 | D:2      | Found a stormy altar of Qazlal.
   785 | D:2      | Found Osseetu's Antique Weapon Emporium.
   966 | D:2      | Reached XP level 4. HP: 31/31 MP: 4/4
  1220 | D:3      | Reached skill level 5 in Unarmed Combat
  1250 | D:3      | Found a radiant altar of Vehumet.
  1265 | D:3      | Identified the +1 war axe "Xatael" {freeze, Will++}
  1386 | D:3      | Found Veonum's Assorted Antiques.
  1646 | D:3      | Found a glowing silver altar of Zin.
  1646 | D:3      | Found an opulent altar of Gozag.
  1791 | D:3      | Bought a scroll labelled EWNEWE KUCAAN for 24 gold pieces
  1791 | D:3      | Bought a scroll labelled ETEV COEPHEILA for 24 gold pieces
  1791 | D:3      | Bought a scroll labelled AZADINNE QOUN for 24 gold pieces
  2027 | D:3      | Noticed a moth of wrath
  2030 | D:3      | Found a bloodstained altar of Trog.
  2042 | D:3      | Slain by a ribbon worm

Illustrated notes

Levels and vault maps discovered:
D:1:      lemuel_arrival_cross, layout_basic, chequers_ecumenical_altar_simple,
          skrybe_limestone_x
D:2:      layout_loops_ring, serial_shops, nicolae_shop_rolling_square,
          basic_altar, uniq_robin
D:3:      layout_basic, grunt_temple_overflow_gold_and_silver,
          nicolae_vehumet_altar_sigil, tgw_trog, serial_shops,
          nicolae_shop_hallway_plus, kennysheep_generic_room_11
D:4:      layout_loops_cross, ebering_ghost_sewer_f

Skill      XL: |  1  2  3  4 |
---------------+-------------+-----
Unarmed Combat | 4 5 |  5.3
Fighting       | |  3.0
Dodging        | |  3.0

Action                     |  1- 3 |  4- 6 || total
---------------------------+-------+-------++-------
  Melee: Unarmed           |    66 |     4 ||    70
         Constrict         |    13 |     6 ||    19
         Tentacles         |     8 |     2 ||    10
         War axe           |       |    20 ||    20
 Invoke: Berserk           |       |     1 ||     1
    Use: Scroll            |       |     4 ||     4
   Stab: Sleeping          |     3 |     4 ||     7
 Armour: Skin              |    25 |    15 ||    40
  Dodge: Dodged            |    30 |    14 ||    44

Table legend: (Time is in decaauts)
 A = Elapsed time spent in this place.
 B = Non-inter-level travel time spent in this place.
 C = Inter-level travel time spent in this place.
 D = Time resting spent in this place.
 E = Time spent auto-exploring this place.
 F = Levels seen in this place.
 G = Mean time per level.
                   A        B        C        D        E       F      G
               +--------+--------+--------+--------+--------+-----+--------+
         Total |   2044 |   1929 |    115 |      0 |   1595 |   4 |  511.0 |
       Dungeon |   2044 |   1929 |    115 |      0 |   1595 |   4 |  511.0 |
               +--------+--------+--------+--------+--------+-----+--------+

Top non-repeatable levels by time:
     D:3: 841 daAuts
     D:2: 675 daAuts
     D:1: 526 daAuts
     D:4: 1 daAuts
